 Dungeon Crawl Stone Soup version 0.28.0-53-g5a82cb258f (webtiles) character file.

Game seed: 133650331334826904

602675 Duralumin the Archmage (level 26, -6/177 HPs)
             Began as a Demonspawn Ice Elementalist on Aug 8, 2022.
             Was an Initiate of Gozag.
             Succumbed to an emperor scorpion's poison
             ... on level 3 of the Crypt on Aug 17, 2022.
             The game lasted 08:48:17 (73773 turns).

Duralumin the Archmage (DsIE)                      Turns: 73773, Time: 08:48:18

Health: -6/177     AC: 10    Str: 19 (21) XL:     26   Next: 1%
Magic:  4/54       EV: 16    Int: 43      God:    Gozag
Gold:   7439       SH:  5    Dex: 19 (23) Spells: 19/79 levels left

rFire   . . .      SeeInvis +   K - +7 broad axe of a volcano {drain, rElec rC- Int+7}
rCold   + + .      Faith    .   (no shield)
rNeg    . . .      Spirit   +   T - +2 robe {Archmagi}
rPois   .          Reflect  +   l - +2 helmet {Int+3}
rElec   +          Harm     .   B - scarf {rC+ rF+}
rCorr   .          Rampage  .   (gloves unavailable)
Will    +++..      Archmagi +   u - +2 pair of boots
Stlth   ++++++.... Clarity  +   z - amulet of Quuzxeo {Reflect rC+ Str+7 SH+5 SInv}
HPRegen 0.39/turn               v - ring "Folum" {Will++ Str+6 Int+5}
MPRegen 0.68/turn               G - ring of ice

@: mighty, brilliant, lethally poisoned (-6 -> -50), on berserk cooldown,
slowed, studying 2 skills, very slow
A: claws 3, thin skeletal structure 3, powered by death 3, magic shield, magic
regeneration, magic link, corrupting presence 2, word of chaos, clarity, clever
1
}: 4/15 runes: decaying, serpentine, slimy, silver
a: Word of Chaos, Renounce Religion, Potion Petition, Call Merchant, Bribe
Branch


You were on level 3 of the Crypt.
You worshipped Gozag.
Gozag was greatly pleased with you.
You visited 12 branches of the dungeon, and saw 53 of its levels.

You collected 30697 gold pieces.
You spent 4421 gold pieces at shops.
You paid 18837 gold pieces to Gozag.

Inventory:

Hand Weapons
 q - the +6 war axe "Qipukhos" {pain, rElec rF+ rN+ Will-}
   (You took it off a deep elf zephyrmancer on level 3 of the Elven Halls)

   In the hands of one skilled in necromantic magic, it inflicts extra damage on
   living creatures.
   rF:        It protects you from fire.
   rElec:     It insulates you from electricity.
   rN:        It protects you from negative energy.
   Will:      It decreases your willpower.
 K - the +7 broad axe of a volcano (weapon) {drain, rElec rC- Int+7}
   (You took it off a deep elf pyromancer on level 3 of the Elven Halls)

   A truly terrible weapon, it drains the life of any living foe it strikes.
   Int:       It affects your intelligence (+7).
   rC:        It makes you vulnerable to cold.
   rElec:     It insulates you from electricity.
Missiles
 b - 3 silver javelins
 A - 8 curare-tipped darts (quivered)
 D - 6 throwing nets
Armour
 l - a +2 helmet of intelligence (worn)
 o - the +2 helmet "Foenes" {Will++ Str+4}
   (You found it on level 9 of the Dungeon)

   Str:       It affects your strength (+4).
   Will:      It greatly increases your willpower.
 u - a +2 pair of boots (worn)
 B - a scarf of resistance (worn)
 T - a +2 robe of the Archmagi (worn)
Magical Staves
 h - a staff of conjuration
 J - a staff of earth
Jewellery
 r - a ring of flight
 v - the ring "Folum" (left claw) {Will++ Str+6 Int+5}
   (You took it off a deep elf archer on level 3 of the Elven Halls)

   [ring of strength]

   Str:       It affects your strength (+6).
   Int:       It affects your intelligence (+5).
   Will:      It greatly increases your willpower.
 z - the amulet of Quuzxeo (around neck) {Reflect rC+ Str+7 SH+5 SInv}
   (You found it on level 1 of the Snake Pit)

   [amulet of reflection]

   It reflects blocked missile attacks.
   Str:       It affects your strength (+7).
   rC:        It protects you from cold.
   SInv:      It lets you see invisible.
   SH:        It affects your SH (+5).
 G - a ring of ice (right claw)
 P - the ring "Fiuseaficyf" {Will+ rCorr MP+9}
   (You took it off a deep elf pyromancer on level 3 of the Elven Halls)

   [ring of magical power]

   MP:        It affects your magic capacity (+9).
   rCorr:     It protects you from acid and corrosion.
   Will:      It increases your willpower.
 R - a ring of protection from fire
 U - a ring of wizardry
 W - the ring of Zohoim {rPois rN+ Int+2}
   (You found it on level 3 of the Crypt)

   [ring of positive energy]

   Int:       It affects your intelligence (+2).
   rPois:     It protects you from poison.
   rN:        It protects you from negative energy.
Wands
 n - a wand of acid (23)
 p - a wand of iceblast (82)
 w - a wand of polymorph (58)
 N - a wand of digging (27)
Scrolls
 c - a scroll of summoning
 g - 8 scrolls of magic mapping
 E - 6 scrolls of blinking
 F - 5 scrolls of fear
 L - 16 scrolls of teleportation
 O - 7 scrolls of fog
 Q - 2 scrolls of silence
Potions
 e - 5 potions of lignification
 i - 19 potions of heal wounds
 m - 9 potions of haste
 t - 8 potions of flight
 x - a potion of resistance
 C - 3 potions of brilliance
 H - 9 potions of invisibility
 I - 4 potions of cancellation
 M - 27 potions of curing
 V - a potion of magic
 Z - 5 potions of ambrosia
Miscellaneous
 s - a phial of floods
 Y - a phantom mirror


   Skills:
 - Level 8.0 Fighting
 - Level 7.2 Dodging
 - Level 5.0 Stealth
 O Level 27 Spellcasting
 - Level 15.0 Conjurations
 - Level 4.6 Necromancy
 - Level 4.0 Translocations
 - Level 24.2 Ice Magic
 - Level 4.5 Air Magic
 + Level 19.7 Earth Magic


You had 19 spell levels left.
You knew the following spells:

 Your Spells              Type           Power      Damage    Failure   Level
a - Freeze                Ice            100%       1d11      0%          1
b - Apportation           Tloc           100%       N/A       1%          1
c - Ozocubu's Armour      Ice            100%       N/A       0%          3
d - Hailstorm             Conj/Ice       100%       3d20      0%          4
e - Passage of Golubria   Tloc           100%       N/A       1%          4
f - Lehudib's Crystal Sp  Conj/Erth      84%        10d19     1%          8
g - Ozocubu's Refrigerat  Ice            100%       4d25      0%          7
h - Blink                 Tloc           100%       N/A       1%          2
i - Swiftness             Air            100%       N/A       1%          3
j - Iron Shot             Conj/Erth      84%        9d15      1%          6
k - Orb of Destruction    Conj           80%        9d18      1%          7
m - Borgnjor's Vile Clut  Necr/Erth      76%        N/A       1%          5
n - Shatter               Erth           87%        3d63*     8%          9

Your spell library contained the following spells:

 Spells                   Type           Power      Damage    Failure   Level
 Foxfire                  Conj/Fire      100%       2x1d9     0%          1
 Magic Dart               Conj           100%       1d8       0%          1
 Shock                    Conj/Air       100%       1d9       0%          1
 Ensorcelled Hibernation  Hex/Ice        100%       N/A       0%          2
 Passwall                 Tmut/Erth      100%       N/A       0%          2
 Searing Ray              Conj           100%       2d8       0%          2
 Static Discharge         Conj/Air       100%       N/A       0%          2
 Frozen Ramparts          Ice            100%       1d12      0%          3
 Stone Arrow              Conj/Erth      100%       3d13      0%          3
 Iskenderun's Battlesphe  Conj           100%       2d15      0%          5
 Animate Skeleton         Necr           100%       N/A       1%          1
 Beastly Appendage        Tmut           100%       N/A       1%          1
 Pain                     Necr           100%       1d9       1%          1
 Summon Small Mammal      Summ           100%       N/A       1%          1
 Corpse Rot               Necr/Air       100%       N/A       1%          2
 Poisonous Vapours        Pois/Air       100%       N/A       1%          2
 Scorch                   Fire           100%       2d10      1%          2
 Sublimation of Blood     Necr           100%       N/A       1%          2
 Wereblood                Tmut           92%        N/A       1%          2
 Call Canine Familiar     Summ           92%        N/A       1%          3
 Conjure Flame            Conj/Fire      100%       6-21      1%          3
 Gell's Gravitas          Tloc           100%       N/A       1%          3
 Inner Flame              Hex/Fire       92%        N/A       1%          3
 Lesser Beckoning         Tloc           100%       N/A       1%          3
 Mephitic Cloud           Conj/Pois/Air  100%       N/A       1%          3
 Portal Projectile        Hex/Tloc       100%       N/A       1%          3
 Spider Form              Tmut/Pois      92%        N/A       1%          3
 Summon Guardian Golem    Hex/Summ       92%        N/A       1%          3
 Teleport Other           Tloc           100%       N/A       1%          3
 Tukima's Dance           Hex            92%        N/A       1%          3
 Airstrike                Air            60%        N/A       1%          4
 Anguish                  Hex/Necr       54%        N/A       1%          4
 Flame Wave               Conj/Fire      100%       2d17      1%          4
 Fulminant Prism          Conj/Hex       67%        3d28      1%          4
 Ice Form                 Ice/Tmut       100%       N/A       1%          4
 Petrify                  Tmut/Erth      100%       N/A       1%          4
 Sticky Flame             Conj/Fire      100%       2d11      1%          4
 Summon Ice Beast         Ice/Summ       100%       N/A       1%          4
 Summon Lightning Spire   Summ/Air       100%       N/A       1%          4
 Agony                    Necr           100%       N/A       1%          5
 Excruciating Wounds      Necr           60%        N/A       1%          5
 Fireball                 Conj/Fire      67%        3d25      1%          5
 Irradiate                Conj/Tmut      67%        3d36      1%          5
 Manifold Assault         Tloc           100%       N/A       1%          5
 Metabolic Englaciation   Hex/Ice        89%        N/A       1%          5
 Conjure Ball Lightning   Conj/Air       72%        3x3d27    1%          6
 Simulacrum               Ice/Necr       93%        N/A       1%          6
 Cause Fear               Hex            46%        N/A       2%          4
 Olgreb's Toxic Radiance  Pois           92%        N/A       2%          4
 Silence                  Hex/Air        54%        N/A       2%          5
 Summon Forest            Summ/Tloc      53%        N/A       3%          5
 Death Channel            Necr           60%        N/A       6%          6
 Alistair's Intoxication  Tmut/Pois      61%        N/A       7%          5
 Blade Hands              Tmut           46%        N/A       7%          5
 Spellforged Servitor     Conj/Summ      67%        N/A       10%         7
 Eringya's Noxious Bog    Tmut/Pois      46%        N/A       36%         6
 Summon Cactus Giant      Summ           46%        N/A       36%         6
 Haunt                    Necr/Summ      54%        N/A       63%         7
 Storm Form               Tmut/Air       54%        N/A       63%         7
 Dragon Form              Tmut           46%        N/A       91%         7
 Enfeeble                 Hex            46%        N/A       91%         7
 Borgnjor's Revivificati  Necr           60%        N/A       94%         8
 Infestation              Necr           60%        N/A       94%         8
 Maxwell's Capacitive Co  Air            60%        ∞         95%         8
 Disjunction              Tloc           59%        N/A       97%         8
 Chain Lightning          Conj/Air       72%        3d96      99%         9
 Discord                  Hex            46%        N/A       100%        8
 Ignition                 Fire           46%        3d13      100%        8
 Necromutation            Tmut/Necr      54%        N/A       100%        8
 Death's Door             Necr           60%        N/A       100%        9
 Dragon's Call            Summ           46%        N/A       100%        9
 Fire Storm               Conj/Fire      67%        8d17      100%        9


Dungeon Overview and Level Annotations

Branches:
Dungeon (15/15)            Temple (1/1) D:5            Lair (6/6) D:8
  Swamp (4/4) Lair:2        Snake (4/4) Lair:3        Slime (5/5) Lair:5
    Orc (2/2) D:11            Elf (3/3) Orc:2        Vaults (5/5) D:14
  Crypt (3/3) Vaults:3       Tomb (1/3) Crypt:3      Depths (4/4) D:15
    Zot (0/5) Depths:4

Altars:
Cheibriados
Dithmenos
Elyvilon
Fedhas
Gozag
Hepliaklqana
Kikubaaqudgha
Makhleb
Nemelex Xobeh
Okawaru
Ru
Sif Muna
Trog
Uskayaw
Vehumet
Wu Jian
Xom
Yredelemnul
Zin
The Shining One
Beogh
Jiyva
Lugonu

Shops:
D:1 (?[   D:5 [(   D:15 [   Orc:2 [*=(   Lair:1 [   Snake:3 ::=   Vaults:2 *(
Vaults:3 [[(   Vaults:5 **=   Depths:1 (:((   Depths:2 [?*   Depths:4 *=?*

Portals:
Hell: Depths:1 Depths:2 Depths:3 Depths:4
Abyss: Depths:3
Pandemonium: Depths:2 Depths:4
Ziggurat: Depths:4
Trove: D:14 (give +3 storm dragon scales)

Annotations:
D:5 exclusion: statue
D:11 1 runed translucent door
D:14 Roxanne
D:15 3 runed translucent doors, Itawnewy's ghost, journeyman GnGl
Orc:1 1 runed translucent door, Peloso's ghost, journeyman MiFi
Elf:2 2 runed translucent doors


Innate Abilities, Weirdness & Mutations

You have claws for hands.
You have an unnaturally thin skeletal structure. (Dex +6, Stealth+++)
You regenerate a lot of health from kills.
When hurt, damage is shared between your health and your magic reserves.
You regenerate magic rapidly.
When low on magic, you restore magic in place of health.
Your presence sometimes corrodes or deforms those you injure.
You can speak a Word of Chaos.
You possess an exceptional clarity of mind.
Your mind is acute. (Int +2)


Message History

You feel extremely sick.
The emperor scorpion stings you but does no damage.
The emperor scorpion misses you. The emperor scorpion claws you.
The emperor scorpion stings you!! The emperor scorpion claws you.
The emperor scorpion barely misses you.
The royal mummy points at you and mumbles some strange words.
Something smites you! You block the death scarab's attack.
The royal mummy casts a spell at you. Something smites you!
* * * LOW HITPOINT WARNING * * *
You block the emperor scorpion's attack.
The emperor scorpion claws you but does no damage.
The emperor scorpion closely misses you.
There is a staircase back to the Crypt, spattered with blood here.
You are no longer berserk.
You are exhausted.
You feel as though you will be slow longer.
* * * LOW HITPOINT WARNING * * *
You feel extremely sick.
The emperor scorpion is no longer distracted by gold.
The death scarab is no longer distracted by gold. x2
The death scarab bites you!!
* * * LOW HITPOINT WARNING * * *
The death scarab draws strength from your injuries!
You block the emperor scorpion's attack. x3
The royal mummy mumbles some strange words.
The emperor scorpion stings you!
* * * LOW HITPOINT WARNING * * *
The emperor scorpion misses you.
The emperor scorpion claws you but does no damage.
The royal mummy mumbles some strange words.
The emperor scorpion misses you.
The emperor scorpion completely misses you.
The emperor scorpion claws you.
* * * LOW HITPOINT WARNING * * *
The royal mummy casts a spell.
You climb upwards.
Welcome back to the Crypt!
You can drink potions again.
You die...
Your body crumbles into a pile of gold.

♣...♣.♣♣.....##'''##......♣♣♣♣.##
...♣...♣♣♣♣♣♣#.....#...♣♣♣♣♣....#
.♣...♣.....♣ ###.###♣♣♣♣.♣♣..♣..#
.......♣.♣.♣####'####♣♣....♣...##
...)♣.......#.......#♣..♣......##
.♣..#.......#.......#..♣..♣...P.#
♣..♣#.......#.......#...♣...P...#
.####.####..#..}....#..........##
....#.......#...@...#......♣...##
.♣...♣......#########...........#
.....................♣..........#
♣.♣.......#.###.#..............##
.....)...#......#...###'#########
♣..♣.......####.#...#.....'....#.
♣♣♣......#.# #....##.)#..###'##.
♣♣♣.....#.####.#...#.....#....#.
♣..♣....#.......P.###'####....#.


There were no monsters in sight!

Vanquished Creatures
  the Royal Jelly (Slime:5)
  3 dread liches
  Khufu (Crypt:2)
  2 juggernauts
  8 royal mummies
  Boris (Crypt:1)
  Vashnia (Snake:2)
  Saint Roka (Orc:2)
  5 caustic shrikes (Depths:2)
  The ghost of Suahu the Petrodigitator, a veteran GrEE of Vehumet (Vaults:2)
  Nikola (Elf:1)
  The ghost of christhawk the Slayer, an adept MiHu of Okawaru (Vaults:2)
  2 golden dragons
  Jory (Crypt:2)
  A bone dragon (Crypt:3)
  A profane servitor (Crypt:3)
  A doom hound (Crypt:1)
  A shard shrike zombie (Crypt:3)
  4 tentacled monstrosities
  Asterion (Snake:2)
  3 liches
  Jorgrun (D:12)
  A walking frostbound tome (Depths:4)
  A walking crystal tome (Depths:2)
  5 deep elf blademasters
  A shard shrike skeleton (Tomb:1)
  A quicksilver dragon (Vaults:5)
  A walking divine tome (Depths:3)
  5 titans
  A quicksilver dragon (shapeshifter) (Vaults:5)
  16 acid blobs
  4 ancient champions
  2 deep elf master archers (Elf:3)
  7 shadow dragons
  Gastronok (Orc:1)
  15 sphinxes
  A thorn hunter (Swamp:4)
  6 tengu reavers
  5 storm dragons
  Donald (Snake:2)
  A fenstrider witch (Swamp:3)
  An azure jelly (shapeshifter) (Depths:3)
  3 revenants
  6 nagarajas (Snake:4)
  13 rockslimes
  4 iron dragons
  10 frost giants
  8 azure jellies
  18 vault wardens
  Aizul (Snake:2)
  4 deep elf sorcerers (Elf:3)
  8 fire giants
  A juggernaut zombie (Crypt:3)
  A draconian shifter (Depths:4)
  A cacodemon (Depths:2)
  3 curse skulls
  A draconian stormcaller (Depths:4)
  31 stone giants
  9 quicksilver oozes
  2 deep elf elementalists (Elf:3)
  19 ironbound preservers
  5 war gargoyles
  4 spriggan defenders (Depths:2)
  11 ironbound thunderhulks
  24 very ugly things
  23 ghouls
  An entropy weaver (shapeshifter) (Vaults:4)
  5 deep elf demonologists
  4 bennus (Tomb:1)
  5 yellow draconians (Depths:4)
  A spectral titan (Crypt:1)
  3 entropy weavers
  8 spark wasps
  10 vampire knights
  3 eleionomae
  9 deep elf annihilators
  13 dire elephants
  4 bunyips
  2 spectral hellephants (Crypt:1)
  2 black draconians (Depths:4)
  16 ettins
  Snorg (D:13)
  3 crystal guardians
  11 eidola
  The ghost of kalagan the Thaumaturge, a journeyman DECj of Sif Muna (Lair:6)
  5 mummy priests
  10 deep elf high priests
  10 deep elf death magi
  2 spectral elves (Crypt:1)
  A spriggan zombie (Crypt:3)
  9 fire dragons
  4 spectral spriggans (Crypt:1)
  4 jiangshi (Crypt:1)
  Fannar (Lair:2)
  A shambling mangrove (Swamp:4)
  18 yaktaur captains
  15 great orbs of eyes
  5 peacekeepers
  A spectral fenstrider witch (Crypt:1)
  37 vault guards
  5 boulder beetles
  6 rakshasas
  5 salamander tyrants (Snake:4)
  12 anacondas
  13 naga warriors
  11 ice dragons
  17 hydras
  An anaconda (shapeshifter) (Vaults:5)
  6 ironbound frosthearts
  A spriggan skeleton (Crypt:2)
  Erica (Orc:1)
  3 ogre magi
  7 death knights
  8 two-headed ogres
  4 spriggan air magi
  A catoblepas (Lair:4)
  A spectral stone giant (Crypt:1)
  22 centaur warriors
  The ghost of Quickbrownfox the Covert, a journeyman OpIE of Gozag (Lair:1)
  6 tengu warriors
  7 deep troll shamans
  2 ghost crabs
  7 alligators
  4 vampire magi
  12 death scarabs (Tomb:1)
  A spectral dire elephant (Crypt:1)
  3 spriggan berserkers
  An orc high priest (Orc:2)
  8 shock serpents
  9 deep elf knights
  2 hell knights (Depths:4)
  10 deep troll earth magi
  A soul eater (Crypt:2)
  16 naga sharpshooters
  A sun demon (Depths:2)
  Nergalle (D:12)
  2 spectral nagas (Crypt:1)
  An emperor scorpion zombie (Crypt:2)
  4 iron trolls
  A storm dragon zombie (Crypt:3)
  8 salamander mystics
  4 goliath frogs
  3 bunyip zombies
  A shadow wraith (Vaults:5)
  20 skeletal warriors
  A spectral minotaur (Crypt:1)
  5 glowing orange brains
  8 flayed ghosts
  A sixfirhy (Depths:4)
  3 spriggan druids
  58 deep trolls
  16 deep elf archers
  17 ironbound convokers
  17 phantasmal warriors
  A shadow dragon zombie (Crypt:3)
  A spectral hydra (Crypt:1)
  32 deep elf pyromancers
  9 naga ritualists
  7 bog bodies
  18 deep elf zephyrmancers
  16 wizards
  An obsidian statue (Crypt:1)
  An anaconda skeleton (Crypt:1)
  10 swamp dragons
  4 orc knights (Orc:2)
  7 lindwurms
  10 mana vipers
  A tengu skeleton (Vaults:2)
  2 spectral ice dragons (Crypt:1)
  5 necromancers
  4 wolf spiders
  5 cyclopes
  44 ugly things
  Pikel (D:4)
  3 stone giant zombies
  2 shining eyes (Slime:5)
  3 will-o-the-wisps
  A faun (shapeshifter) (Elf:1)
  A jorogumo skeleton (Crypt:2)
  5 orc sorcerers
  A spectral centaur (Crypt:1)
  4 manticores
  A dire elephant zombie (Crypt:3)
  2 moths of wrath (Swamp:4)
  45 black mambas
  25 salamanders
  A water nymph (shapeshifter) (Depths:3)
  A stone giant skeleton (Crypt:2)
  4 guardian serpents
  18 naga magi
  An alligator snapping turtle zombie (Crypt:1)
  An eye of devastation (shapeshifter) (Vaults:5)
  2 naga zombies
  5 eyes of devastation
  2 rust devils
  22 cane toads
  A cane toad (shapeshifter) (D:15)
  2 gargoyles (D:13)
  11 vault sentinels
  An orange demon (Depths:2)
  2 smoke demons
  An unseen horror (D:10)
  3 dire elephant skeletons
  A naga skeleton (Crypt:2)
  A hellion (Depths:4)
  Maggie (D:8)
  6 rime drakes
  12 komodo dragons
  36 yaktaurs
  A yaktaur (shapeshifter) (Vaults:5)
  A kobold demonologist (D:12)
  2 tengu conjurers
  18 freezing wraiths
  A hellwing (Depths:4)
  A human skeleton (Vaults:2)
  23 guardian mummies
  A hydra zombie (Crypt:3)
  3 spectral harpies (Crypt:1)
  5 harpy zombies
  15 hornets
  A death yak skeleton (Crypt:1)
  16 trolls
  79 slime creatures
  A bloated husk (Swamp:4)
  8 tyrant leeches
  A wind drake (shapeshifter) (Elf:3)
  A polar bear (Lair:4)
  Prince Ribbit (D:8)
  13 blink frogs
  2 harpy skeletons (Crypt:2)
  6 ettin zombies
  A dream sheep (Lair:6)
  A tarantella (shapeshifter) (Depths:2)
  A black mamba zombie (Crypt:3)
  Sigmund (D:3)
  A guardian serpent skeleton (Crypt:1)
  11 spriggans
  9 flying skulls
  2 shadows (D:11)
  2 air elementals (Elf:3)
  3 jumping spiders (Crypt:3)
  An ice dragon skeleton (Crypt:1)
  A vampire (D:10)
  5 water elementals
  16 wyverns
  8 basilisks
  9 wraiths
  20 yaks
  2 ushabtiu
  An alligator snapping turtle simulacrum (Crypt:2)
  A fire elemental (Elf:3)
  9 golden eyes
  2 steam dragons
  12 redbacks
  15 vampire mosquitoes
  A harpy simulacrum (Crypt:2)
  4 acid dragons
  42 nagas
  14 swamp worms
  32 water moccasins
  15 swamp drakes
  26 orc warriors
  An ice beast (Vaults:1)
  A sky beast (shapeshifter) (D:12)
  17 necrophages
  A black mamba simulacrum (Crypt:2)
  A black bear (D:5)
  9 ogres
  A lindwurm zombie (Crypt:2)
  14 wolves
  4 lemures
  11 centaurs
  2 phantoms
  An octopode zombie (Crypt:2)
  Blork the orc (D:4)
  2 kobold brigands
  3 scorpions
  A draconian skeleton (Crypt:1)
  15 bullfrogs
  2 wyvern zombies
  2 earth elementals
  4 wyvern skeletons
  2 water moccasin zombies
  4 killer bees (D:10)
  A troll zombie (D:11)
  9 wights
  6 electric eels
  2 howler monkeys
  A human simulacrum (Vaults:2)
  3 bullfrog zombies
  20 orc priests
  3 hounds
  4 centaur zombies
  A human zombie (Crypt:2)
  3 bullfrog skeletons
  3 jellies
  A centaur skeleton (D:4)
  10 iguanas
  29 orc wizards
  A killer bee zombie (D:7)
  5 ogre zombies (D:11)
  An ogre skeleton (Crypt:2)
  A hound zombie (D:5)
  10 mummies
  2 howler monkey zombies
  2 howler monkey skeletons (D:7)
  4 gnolls (D:6)
  A steam dragon zombie (Crypt:1)
  7 adders
  3 shadow imps
  3 white imps
  An ufetubus (D:7)
  An iguana zombie (Crypt:2)
  2 adder skeletons (D:4)
  A worm (D:3)
  4 dart slugs
  64 orcs
  2 ball pythons
  7 endoplasms
  6 giant cockroaches
  5 goblins
  8 hobgoblins
  5 quokkas
  3 bats
  2 frilled lizards (D:2)
  A goblin skeleton (D:11)
  3 goblin zombies (D:11)
  2 hobgoblin zombies (D:11)
  A jackal zombie (Crypt:2)
  12 kobolds
  A kobold skeleton (Crypt:1)
  An orc skeleton (D:11)
  12 orc zombies (D:11)
  7 rats
  5 bushes (Lair:6)
  A butterfly (D:5)
  A withered plant (Crypt:3)
2207 creatures vanquished.

Vanquished Creatures (others)
  A fire giant (Depths:2)
  16 dancing weapons
  A rime drake (Lair:6)
  A bloated husk (Swamp:4)
  2 swamp worms (Swamp:4)
  An orc (Orc:2)
  2 foxfires (Swamp:1)
  74 fungi
  316 plants
  43 withered plants (Crypt:3)
457 creatures vanquished.

Grand Total: 2664 creatures vanquished

Notes
Turn   | Place    | Note
-------+----------+-------------------------------------------
     0 | D:1      | Duralumin the Demonspawn Ice Elementalist began the quest
                  | for the Orb.
     0 | D:1      | Reached XP level 1. HP: 13/13 MP: 3/3
    31 | D:1      | Found Naurit's Antique Weapon Boutique.
   105 | D:1      | Found Zyetoss's Magic Scroll Shop.
   267 | D:1      | Gained mutation: You regenerate magic rapidly. [demonic
                  | ancestry]
   267 | D:1      | Reached XP level 2. HP: 19/19 MP: 0/5
   324 | D:1      | Found a faded altar of an unknown god.
   607 | D:1      | Found Elacy's Armour Shoppe.
   904 | D:2      | Gained mutation: You have a somewhat thin skeletal
                  | structure. (Dex +2, Stealth+) [demonic ancestry]
   904 | D:2      | Reached XP level 3. HP: 24/24 MP: 2/7
   914 | D:2      | Learned a level 3 spell: Frozen Ramparts
   918 | D:2      | Learned a level 3 spell: Ozocubu's Armour
  1125 | D:2      | Reached skill level 3 in Spellcasting
  1125 | D:2      | Reached XP level 4. HP: 26/30 MP: 3/8
  1679 | D:2      | Identified the +4 plate armour "Ogune" {Regen+ Int-3 Dex+5}
  2106 | D:3      | Found an ancient bone altar of Kikubaaqudgha.
  2374 | D:3      | Reached skill level 5 in Ice Magic
  2374 | D:3      | Gained mutation: When hurt, damage is shared between your
                  | health and your magic reserves. [demonic ancestry]
  2374 | D:3      | Reached XP level 5. HP: 35/35 MP: 6/10
  2542 | D:3      | Noticed Sigmund
  2768 | D:4      | Noticed a lemure
  2812 | D:4      | Noticed an ogre
  2819 | D:4      | Killed an ogre
  2820 | D:4      | Reached skill level 4 in Spellcasting
  2826 | D:4      | Noticed an orc warrior
  2995 | D:4      | Noticed Blork the orc
  2996 | D:4      | Noticed Pikel
  2997 | D:4      | Noticed a lemure
  2997 | D:4      | Noticed a lemure
  3213 | D:3      | Learned a level 4 spell: Hailstorm
  3255 | D:4      | Killed a lemure
  3261 | D:4      | Noticed a lemure
  3296 | D:4      | Killed Blork the orc
  3297 | D:4      | Gained mutation: You regenerate a little health from kills.
                  | [demonic ancestry]
  3297 | D:4      | Reached XP level 6. HP: 37/41 MP: 1/12
  3463 | D:4      | Reached skill level 1 in Conjurations
  3558 | D:4      | Killed an orc warrior
  3686 | D:1      | Bought a scroll of identify for 22 gold pieces
  3686 | D:1      | Bought a scroll of teleportation for 33 gold pieces
  3686 | D:1      | Bought a scroll of magic mapping for 38 gold pieces
  3953 | D:4      | Identified the +3 dagger of Umizeacauh {pain, Stlth+}
  3986 | D:4      | Gained mutation: You have sharp fingernails. [demonic
                  | ancestry]
  3986 | D:4      | Reached XP level 7. HP: 41/46 MP: 9/14
  4091 | D:4      | You fall into a shaft and drop 2 floors!
  4115 | D:5      | Entered Level 5 of the Dungeon
  4151 | D:5      | Found Jeoklit's Armour Shop.
  4219 | D:5      | Found a staircase to the Ecumenical Temple.
  4229 | Temple   | Entered the Ecumenical Temple
  4577 | D:5      | Found a radiant altar of Vehumet.
  4603 | D:5      | Found Viexzij's Antique Weapon Emporium.
  4609 | D:5      | Reached skill level 5 in Spellcasting
  4721 | D:5      | Noticed a wyvern
  4728 | D:5      | Killed a wyvern
  4887 | Temple   | Reached XP level 8. HP: 21/52 MP: 8/16
  5613 | D:5      | Found an ornate altar of the Wu Jian Council.
  5763 | D:4      | Found an opulent altar of Gozag.
  5766 | D:4      | Became a worshipper of Gozag Ym Sagoz the Greedy
  6168 | D:4      | Killed Pikel
  6169 | D:4      | Reached skill level 6 in Spellcasting
  6169 | D:4      | Reached skill level 5 in Conjurations
  6239 | D:4      | Found a bloodstained altar of Trog.
  6506 | D:3      | Killed Sigmund
  6765 | D:5      | Reached XP level 9. HP: 28/53 MP: 4/19
  7280 | D:6      | Reached skill level 7 in Spellcasting
  7382 | D:6      | Got the Reference Book on Aerial Companions
  8336 | D:7      | Found a snail-covered altar of Cheibriados.
  8896 | D:7      | Learned a level 3 spell: Gell's Gravitas
  9325 | D:7      | Reached skill level 8 in Spellcasting
  9644 | D:8      | Noticed Prince Ribbit
  9916 | D:8      | Noticed a brown ugly thing
  9930 | D:8      | Killed a brown ugly thing
  9931 | D:8      | Gained mutation: You regenerate health from kills. [demonic
                  | ancestry]
  9931 | D:8      | Reached XP level 10. HP: 63/63 MP: 9/22
 10148 | D:8      | Killed Prince Ribbit
 10218 | D:8      | Found a staircase to the Lair.
 10490 | D:8      | Noticed Maggie
 10712 | Lair:1   | Entered Level 1 of the Lair of Beasts
 10805 | Lair:1   | Noticed a black mamba
 10810 | Lair:1   | Killed a black mamba
 10937 | Lair:1   | Found a runed translucent gate.
 10937 | Lair:1   | Found a runed translucent gate.
 10938 | Lair:1   | Noticed a ten-headed hydra
 10938 | Lair:1   | Noticed Quickbrownfox's ghost (journeyman OpIE)
 10939 | Lair:1   | Found a runed translucent gate.
 10973 | Lair:1   | Noticed a cane toad
 10977 | Lair:1   | Killed a cane toad
 10978 | Lair:1   | Reached skill level 9 in Spellcasting
 11594 | Lair:2   | Noticed Fannar
 11610 | Lair:2   | Noticed a cane toad
 11624 | Lair:2   | Killed a cane toad
 11625 | Lair:2   | Reached skill level 10 in Ice Magic
 11708 | Lair:2   | Noticed a cane toad
 11721 | Lair:2   | Killed a cane toad
 11753 | Lair:2   | Found a staircase to the Swamp.
 11753 | Lair:2   | Noticed a bog body
 11814 | Lair:2   | Gained mutation: You regenerate a lot of health from kills.
                  | [demonic ancestry]
 11814 | Lair:2   | Reached XP level 11. HP: 63/68 MP: 1/24
 11838 | Lair:2   | Reached skill level 10 in Spellcasting
 12149 | Lair:2   | Noticed a six-headed hydra
 12168 | Lair:2   | Killed a six-headed hydra
 12418 | Lair:2   | Noticed a bog body
 12428 | Lair:2   | Killed a bog body
 12454 | Lair:2   | Killed a bog body
 12693 | Lair:2   | Learned a level 2 spell: Poisonous Vapours
 12733 | Lair:2   | Killed Fannar
 12840 | Lair:3   | Learned a level 7 spell: Ozocubu's Refrigeration
 12860 | Lair:3   | Reached skill level 11 in Spellcasting
 13508 | Lair:3   | Found a staircase to the Snake Pit.
 13540 | Lair:3   | Gained mutation: You have very sharp fingernails. [demonic
                  | ancestry]
 13540 | Lair:3   | Reached XP level 12. HP: 63/74 MP: 10/27
 14018 | Lair:3   | Reached skill level 12 in Spellcasting
 14503 | Lair:4   | Noticed a catoblepas
 14521 | Lair:4   | Killed a catoblepas
 14965 | Lair:4   | Noticed a seven-headed hydra
 14972 | Lair:4   | Killed a seven-headed hydra
 15064 | Lair:4   | Noticed a six-headed hydra
 15069 | Lair:4   | Killed a six-headed hydra
 15365 | Lair:5   | Found a staircase to the Slime Pits.
 15557 | Lair:5   | Reached skill level 13 in Spellcasting
 15574 | Lair:5   | Found a viscous altar of Jiyva.
 16407 | Lair:6   | Entered Level 6 of the Lair of Beasts
 16423 | Lair:6   | Reached XP level 13. HP: 79/79 MP: 22/30
 17066 | Lair:6   | Reached skill level 14 in Spellcasting
 17465 | Lair:6   | Identified the +5 flail of Ragnarok {vorpal, rC- rN+ Dex+2}
 17547 | Lair:6   | Found a large runed translucent door.
 17547 | Lair:6   | Found a large runed translucent door.
 17862 | Lair:6   | Noticed kalagan's ghost (journeyman DECj)
 17869 | Lair:6   | Killed kalagan's ghost
 17985 | Lair:6   | Reached skill level 15 in Ice Magic
 18404 | Lair:6   | Noticed a fire dragon
 18479 | Lair:6   | Killed a fire dragon
 18760 | Lair:1   | Killed Quickbrownfox's ghost
 18767 | Lair:1   | Identified the +11 broad axe of Vos Oplu {freeze, Str+3}
 18865 | D:8      | Killed Maggie
 18964 | D:9      | Reached skill level 15 in Spellcasting
 19549 | D:9      | Identified the +2 helmet "Foenes" {Will++ Str+4}
 19748 | D:10     | Entered Level 10 of the Dungeon
 19791 | D:10     | Found a burning altar of Makhleb.
 19889 | D:10     | Found a shimmering blue altar of Sif Muna.
 19931 | D:10     | Found a sparkling altar of Nemelex Xobeh.
 20042 | D:10     | Found a blossoming altar of Fedhas.
 20617 | D:11     | Gained mutation: You have claws for hands. [demonic
                  | ancestry]
 20617 | D:11     | Reached XP level 14. HP: 85/85 MP: 19/33
 20917 | D:11     | Found a staircase to the Orcish Mines.
 21127 | D:11     | Learned a level 2 spell: Blink
 21131 | D:11     | Learned a level 3 spell: Swiftness
 21475 | D:11     | Found a runed translucent door.
 21622 | Orc:1    | Entered Level 1 of the Orcish Mines
 21781 | Orc:1    | Noticed Erica
 21783 | Orc:1    | Killed Erica
 21786 | Orc:1    | Noticed Gastronok
 21852 | Orc:1    | Killed Gastronok
 22146 | Orc:1    | Found a runed translucent door.
 22147 | Orc:1    | Found a shimmering altar of Xom.
 22147 | Orc:1    | Noticed Peloso's ghost (journeyman MiFi)
 22323 | Orc:2    | Entered Level 2 of the Orcish Mines
 22363 | Orc:2    | Noticed Saint Roka
 22797 | Orc:2    | Killed Saint Roka
 22915 | Orc:2    | Found Rurox's Antique Armour Shoppe.
 23020 | Orc:2    | Bought a twisted robe for 136 gold pieces
 23020 | Orc:2    | Identified the +0 robe "Mytul" {rElec} (You bought it in a
                  | shop on level 2 of the Orcish Mines)
 23031 | Orc:2    | Found Loroorgh's General Store.
 23047 | Orc:2    | Found Qutticox's Antique Weapon Shoppe.
 23064 | Orc:2    | Found Edinam's Jewellery Shoppe.
 23166 | Orc:2    | Reached skill level 5 in Stealth
 23272 | Orc:2    | Bought a ring of magical power for 240 gold pieces
 23295 | Orc:2    | Bought a book of Power for 630 gold pieces
 23573 | Orc:2    | Found a staircase to the Elven Halls.
 24155 | D:12     | Reached skill level 1 in Translocations
 24288 | D:12     | Noticed Nergalle
 24292 | D:12     | Killed Nergalle
 24339 | D:12     | Reached skill level 5 in Dodging
 24347 | D:12     | Noticed Jorgrun
 24367 | D:12     | Learned a level 6 spell: Iron Shot
 24376 | D:12     | Killed Jorgrun
 24409 | D:12     | Reached skill level 1 in Fighting
 25600 | D:13     | Noticed Snorg
 25607 | D:13     | Killed Snorg
 25863 | D:14     | Found a hazy altar of Hepliaklqana.
 25928 | D:14     | Gained mutation: Your presence sometimes corrodes those you
                  | injure. [demonic ancestry]
 25928 | D:14     | Reached XP level 15. HP: 97/97 MP: 18/34
 26077 | D:14     | Found a portal to a secret trove of treasure.
 26187 | D:14     | Reached skill level 16 in Spellcasting
 26635 | D:14     | Found a gate to the Vaults.
 26669 | D:14     | Identified Roxanne's Grimoire of the Rocks
 26669 | D:14     | Noticed Roxanne
 27049 | D:15     | Entered Level 15 of the Dungeon
 27523 | D:15     | Found a runed translucent gate.
 27524 | D:15     | Found a runed translucent gate.
 27525 | D:15     | Found a runed translucent gate.
 27611 | D:15     | Reached skill level 5 in Fighting
 27841 | D:15     | Found a staircase to the Depths.
 28170 | D:15     | Reached skill level 1 in Earth Magic
 28185 | D:15     | Found a runed translucent gate.
 28185 | D:15     | Found a runed translucent gate.
 28189 | D:15     | Found a runed translucent gate.
 28189 | D:15     | Noticed Itawnewy's ghost (journeyman GnGl)
 28189 | D:15     | Noticed a tentacled monstrosity
 28190 | D:15     | Found the +4 robe of Folly {Brilliance Will-∞ Int+8}
 28376 | Lair:1   | Gained mutation: Potions are less effective at restoring
                  | your health. [potion of mutation]
 28376 | Lair:1   | Gained mutation: You are clumsy. (Dex -2) [potion of
                  | mutation]
 28376 | Lair:1   | Gained mutation: You are strong-willed. (Will+) [potion of
                  | mutation]
 28377 | Lair:1   | Lost mutation: You are clumsy. (Dex -2) [potion of
                  | mutation]
 28377 | Lair:1   | Lost mutation: You are strong-willed. (Will+) [potion of
                  | mutation]
 28377 | Lair:1   | Lost mutation: Potions are less effective at restoring your
                  | health. [potion of mutation]
 28377 | Lair:1   | Gained mutation: You possess an exceptional clarity of
                  | mind. [potion of mutation]
 28377 | Lair:1   | Gained mutation: Your mind is acute. (Int +2) [potion of
                  | mutation]
 28390 | Lair:1   | Learned a level 6 spell: Simulacrum
 28396 | Lair:1   | Learned a level 5 spell: Iskenderun's Battlesphere
 28479 | Snake:1  | Entered Level 1 of the Snake Pit
 28845 | Snake:1  | Identified the amulet of Quuzxeo {Reflect rC+ Str+7 SH+5
                  | SInv}
 29510 | Snake:2  | Reached XP level 16. HP: 109/109 MP: 30/36
 29528 | Snake:2  | Noticed Donald
 29667 | Snake:2  | Reached skill level 17 in Spellcasting
 29735 | Snake:2  | Killed Donald
 29835 | Snake:2  | Reached skill level 5 in Earth Magic
 30085 | Snake:2  | Noticed Aizul
 30087 | Snake:2  | Noticed Asterion
 30090 | Snake:2  | Killed Aizul
 30093 | Snake:2  | Killed Asterion
 30679 | Snake:2  | Noticed Vashnia
 30736 | Snake:2  | Killed Vashnia
 31598 | Snake:3  | Found Vaopteriy's Jewellery Shoppe.
 31599 | Snake:3  | Found Wunnerph's Book Boutique.
 31599 | Snake:3  | Found Entaxusi's Book Boutique.
 31608 | Snake:3  | Bought a ring of poison resistance for 420 gold pieces
 31608 | Snake:3  | Bought a ring of protection from fire for 525 gold pieces
 31616 | Snake:3  | Bought Great Wizards, Vol. II for 570 gold pieces
 32642 | Snake:4  | Entered Level 4 of the Snake Pit
 33145 | Snake:4  | Reached XP level 17. HP: 115/115 MP: 9/38
 33168 | Snake:4  | Reached skill level 1 in Necromancy
 33179 | Snake:4  | Learned a level 5 spell: Borgnjor's Vile Clutch
 33356 | Snake:4  | Reached skill level 18 in Spellcasting
 34081 | Snake:4  | Got a serpentine rune of Zot
 34960 | Elf:1    | Entered Level 1 of the Elven Halls
 34975 | Elf:1    | Found a radiant altar of Vehumet.
 35191 | Elf:1    | Found a shimmering blue altar of Sif Muna.
 35897 | Elf:1    | Noticed Nikola
 35978 | Elf:1    | Killed Nikola
 36788 | Elf:1    | You fall into a shaft and drop 1 floor!
 37185 | Elf:2    | Gained mutation: You have a moderately thin skeletal
                  | structure. (Dex +4, Stealth++) [demonic ancestry]
 37185 | Elf:2    | Reached XP level 18. HP: 121/121 MP: 40/40
 37420 | Elf:2    | Found a runed translucent door.
 37444 | Elf:2    | Found a runed translucent door.
 37607 | Elf:2    | Reached skill level 10 in Earth Magic
 37997 | Elf:3    | Entered Level 3 of the Elven Halls
 38789 | Elf:3    | Reached skill level 10 in Conjurations
 38814 | Elf:3    | Reached skill level 19 in Spellcasting
 39213 | Elf:3    | Identified the +1 scimitar "Ukhiodgh" {venom, rN+ rCorr
                  | Dex+2 Stlth+}
 39318 | Elf:3    | Identified the +7 hand axe of Woe {holy, rPois}
 39497 | Elf:3    | Identified the +7 broad axe of a volcano {drain, rElec rC-
                  | Int+7}
 39497 | Elf:3    | Identified the ring "Fiuseaficyf" {Will+ rCorr MP+9}
 39649 | Elf:3    | Found the ring of the Octopus King {rCorr AC+1 EV+1 Str+1
                  | Int+1 Dex+1}
 39713 | Elf:3    | Identified the +7 flail of Fatigue {flame, Fly rN+ Dex+3}
 39716 | Elf:3    | Identified the +9 war axe of Dust {venom, Will++}
 39716 | Elf:3    | Identified the +6 longbow "Efaosoposu" {flame, rCorr
                  | Stlth+}
 39716 | Elf:3    | Identified the ring "Folum" {Will++ Str+6 Int+5}
 39717 | Elf:3    | Identified the +6 war axe "Qipukhos" {pain, rElec rF+ rN+
                  | Will-}
 39717 | Elf:3    | Identified the +1 robe "Woemegoy" {*Slow Regen+ Str+4
                  | Stlth+}
 39717 | Elf:3    | Identified the ring of Uhaesaps {Contam Fly rPois rF+++
                  | rC-}
 39824 | Elf:3    | Got the Reference Book on Dislocated Attacks
 39873 | Elf:3    | Identified the +3 scale mail of the Arena {Stlth+}
 39882 | Elf:3    | Got Weuw's Handbook of the Evil Volcanoes
 39972 | Elf:3    | Learned a level 4 spell: Passage of Golubria
 40256 | Swamp:1  | Entered Level 1 of the Swamp
 41316 | Swamp:2  | Found a shimmering altar of Xom.
 41681 | Swamp:3  | Noticed a tentacled monstrosity
 41682 | Swamp:3  | Reached XP level 19. HP: 126/126 MP: 13/42
 42234 | Swamp:3  | Reached skill level 20 in Spellcasting
 42792 | Swamp:4  | Entered Level 4 of the Swamp
 43628 | Swamp:4  | Got a decaying rune of Zot
 43931 | Swamp:4  | Got Sif Muna's Tome of Bewitching Cold
 44229 | Lair:1   | Bought a polished helmet for 361 gold pieces
 44229 | Lair:1   | Identified the +2 helmet "Xokic" {-Cast Harm Will+} (You
                  | bought it in a shop on level 1 of the Lair of Beasts)
 44396 | Vaults:1 | Entered Level 1 of the Vaults
 46787 | Vaults:2 | Found a runed translucent gate.
 46787 | Vaults:2 | Found a runed translucent gate.
 46787 | Vaults:2 | Noticed a dread lich
 46788 | Vaults:2 | Found a runed translucent gate.
 46794 | Vaults:2 | Gained mutation: You have an unnaturally thin skeletal
                  | structure. (Dex +6, Stealth+++) [demonic ancestry]
 46794 | Vaults:2 | Reached XP level 20. HP: 133/133 MP: 39/44
 46832 | Vaults:2 | Found Holithum's Antique Weapon Emporium.
 46908 | Vaults:2 | Noticed Suahu's ghost (veteran GrEE)
 46908 | Vaults:2 | Noticed a dread lich
 46909 | Vaults:2 | Found an ancient bone altar of Kikubaaqudgha.
 46909 | Vaults:2 | Noticed christhawk's ghost (adept MiHu)
 47948 | Vaults:2 | Reached skill level 21 in Spellcasting
 48201 | Vaults:2 | Bought an embroidered cloak for 202 gold pieces
 49071 | Vaults:3 | Found Gozag's Antique Armour Shop.
 49082 | Vaults:3 | Found an opulent altar of Gozag.
 49253 | Vaults:3 | Found Gozag's Antique Armour Boutique.
 49256 | Vaults:3 | Found Gozag's Antique Weapon Boutique.
 49505 | Vaults:3 | Found a staircase to the Crypt.
 50971 | Vaults:4 | Reached XP level 21. HP: 135/138 MP: 40/46
 51603 | Vaults:4 | Reached skill level 22 in Spellcasting
 51704 | Vaults:4 | Reached skill level 1 in Air Magic
 53158 | Depths:1 | Entered Level 1 of the Depths
 53401 | Depths:1 | Found Jidac's Weapon Shop.
 53404 | Depths:1 | Found Hoitroij's Antique Weapon Boutique.
 53404 | Depths:1 | Found Yfaumu's Book Shop.
 53411 | Depths:1 | Found Uxutaff's Weapon Boutique.
 54076 | Depths:1 | Found a gateway to Hell.
 54464 | Depths:2 | Found Igulonos's Armour Shoppe.
 54585 | Depths:2 | Bought a potion of curing for 39 gold pieces
 54585 | Depths:2 | Bought a scroll of magic mapping for 45 gold pieces
 55133 | Depths:2 | Gained mutation: Your presence sometimes corrodes or
                  | deforms those you injure. [demonic ancestry]
 55133 | Depths:2 | Reached XP level 22. HP: 144/144 MP: 14/48
 55133 | Depths:2 | Noticed a caustic shrike
 55134 | Depths:2 | Noticed a caustic shrike
 55134 | Depths:2 | Noticed a caustic shrike
 55135 | Depths:2 | Noticed a caustic shrike
 55135 | Depths:2 | Noticed a caustic shrike
 55179 | Depths:2 | Bought a scroll of enchant armour for 150 gold pieces
 55179 | Depths:2 | Bought a scroll of enchant armour for 150 gold pieces
 55179 | Depths:2 | Bought a scroll of fog for 40 gold pieces
 55633 | Depths:2 | Killed a caustic shrike
 55633 | Depths:2 | Killed a caustic shrike
 55634 | Depths:2 | Reached skill level 23 in Spellcasting
 55634 | Depths:2 | Killed a caustic shrike
 55635 | Depths:2 | Killed a caustic shrike
 55638 | Depths:2 | Killed a caustic shrike
 55900 | Depths:2 | Found a one-way gate leading to the halls of Pandemonium.
 59231 | Depths:3 | Noticed a golden dragon
 59283 | Depths:3 | Found a one-way gate to the infinite horrors of the Abyss.
 59837 | Depths:3 | Killed a golden dragon
 59869 | Depths:3 | Gained mutation: You can speak a Word of Chaos. [demonic
                  | ancestry]
 59869 | Depths:3 | Reached XP level 23. HP: 154/154 MP: 39/50
 59909 | Depths:3 | Noticed a juggernaut
 59917 | Depths:3 | Killed a juggernaut
 60160 | Depths:4 | Entered Level 4 of the Depths
 60364 | Depths:4 | Noticed a juggernaut
 60377 | Depths:4 | Killed a juggernaut
 60378 | Depths:4 | Reached skill level 24 in Spellcasting
 60991 | Depths:4 | Found a one-way gateway to a ziggurat.
 61606 | Depths:4 | Found a gate to the Realm of Zot.
 62122 | Depths:4 | Bought a scroll of teleportation for 42 gold pieces
 62122 | Depths:4 | Bought a scroll of magic mapping for 49 gold pieces
 62122 | Depths:4 | Bought a scroll of teleportation for 42 gold pieces
 62122 | Depths:4 | Bought a scroll of amnesia for 49 gold pieces
 62678 | Vaults:5 | Entered Level 5 of the Vaults
 63334 | Vaults:5 | Got a silver rune of Zot
 63356 | Vaults:5 | Bought a potion of heal wounds for 110 gold pieces
 63356 | Vaults:5 | Bought a wand of digging (8) for 528 gold pieces
 63463 | Vaults:5 | Learned a level 8 spell: Lehudib's Crystal Spear
 63672 | Vaults:5 | Noticed a dread lich
 63678 | Vaults:5 | Killed a dread lich
 64443 | Vaults:5 | Identified the +7 dagger "Vetzaac" {antimagic, Int+3}
 64626 | Vaults:5 | Gained mutation: When low on magic, you restore magic in
                  | place of health. [demonic ancestry]
 64626 | Vaults:5 | Reached XP level 24. HP: 165/165 MP: 35/51
 64641 | Vaults:5 | Identified the +10 eveningstar of Ytuenom {antimagic,
                  | Str+4}
 64899 | Vaults:5 | Reached skill level 15 in Earth Magic
 65380 | Vaults:5 | Identified the +2 leather armour of Gluttony {Regen+}
 65545 | Vaults:2 | Killed Suahu's ghost
 65553 | Vaults:2 | Killed a dread lich
 65553 | Vaults:2 | Killed a dread lich
 65554 | Vaults:2 | Killed christhawk's ghost
 65569 | Vaults:2 | Got Kikubaaqudgha's Compendium of Necromancy
 65572 | Vaults:2 | Identified the +10 battleaxe of Doamu {vamp, rF- MP+9
                  | Dex+4}
 65577 | Vaults:2 | Identified the +1 cloak of Fashionability {rN+}
 65586 | Vaults:2 | Identified the ring "Eviff" {Ice *Slow rElec rN+++ Stlth-}
 65631 | Vaults:2 | Learned a level 7 spell: Orb of Destruction
 65641 | Vaults:2 | Learned a level 9 spell: Shatter
 65953 | Slime:1  | Entered Level 1 of the Pits of Slime
 66014 | Slime:1  | Learned a level 1 spell: Apportation
 66091 | Slime:3  | Reached skill level 25 in Spellcasting
 66205 | Slime:5  | Entered Level 5 of the Pits of Slime
 66240 | Slime:5  | Noticed the Royal Jelly
 66268 | Slime:5  | Found a viscous altar of Jiyva.
 66315 | Slime:5  | Killed the Royal Jelly
 66426 | Slime:5  | Identified the ring of the Centipede {Fire rElec rPois
                  | Dex-2 Slay+6}
 66430 | Slime:5  | Got a slimy rune of Zot
 67005 | Crypt:1  | Entered Level 1 of the Crypt
 67091 | Crypt:1  | Reached skill level 15 in Conjurations
 67242 | Crypt:1  | Identified the +3 chain mail of the Date {Str+4}
 68200 | Crypt:1  | Noticed a royal mummy
 68207 | Crypt:1  | Killed a royal mummy
 68327 | Crypt:1  | Noticed Boris
 68336 | Crypt:1  | Killed Boris
 68813 | Crypt:2  | Reached XP level 25. HP: 171/171 MP: 42/52
 68870 | Crypt:2  | Noticed Khufu
 68897 | Crypt:2  | Killed Khufu
 69022 | Crypt:2  | Noticed Jory
 69032 | Crypt:2  | Killed Jory
 69374 | Crypt:2  | Reached skill level 26 in Spellcasting
 69612 | Crypt:2  | Found an ancient bone altar of Kikubaaqudgha.
 70025 | Crypt:3  | Entered Level 3 of the Crypt
 70661 | Crypt:3  | Found a staircase to the Tomb.
 70865 | Crypt:3  | Identified the ring of the Empty Page {rN+ SInv Stlth+}
 70865 | Crypt:3  | Identified the ring of Ignis's Delight {rN+ Will+ rCorr}
 70865 | Crypt:3  | Identified the ring of Zohoim {rPois rN+ Int+2}
 70997 | Crypt:3  | Found a basalt altar of Yredelemnul.
 71266 | Crypt:3  | Got Sif Muna's Disquisition on Feathers
 71572 | Crypt:3  | Identified the +3 hunting sling "Cuorolesk" {flame,
                  | *Corrode rPois Int+4}
 72464 | Tomb:1   | Entered Level 1 of the Tomb of the Ancients
 73546 | Tomb:1   | Noticed a royal mummy
 73647 | Tomb:1   | Noticed a royal mummy
 73649 | Tomb:1   | Noticed a royal mummy
 73654 | Tomb:1   | Killed a royal mummy
 73654 | Tomb:1   | Killed a royal mummy
 73665 | Tomb:1   | Noticed a royal mummy
 73668 | Tomb:1   | Killed a royal mummy
 73669 | Tomb:1   | Noticed a royal mummy
 73669 | Tomb:1   | Noticed a royal mummy
 73717 | Tomb:1   | Noticed a royal mummy
 73717 | Tomb:1   | Noticed a royal mummy
 73718 | Tomb:1   | Killed a royal mummy
 73719 | Tomb:1   | Killed a royal mummy
 73720 | Tomb:1   | Reached skill level 27 in Spellcasting
 73720 | Tomb:1   | Killed a royal mummy
 73720 | Tomb:1   | Killed a royal mummy
 73727 | Tomb:1   | Reached XP level 26. HP: 95/177 MP: 20/54
 73763 | Tomb:1   | Noticed a royal mummy
 73765 | Tomb:1   | Noticed a royal mummy
 73766 | Tomb:1   | Noticed a royal mummy
 73773 | Crypt:3  | Succumbed to an emperor scorpion's poison

Illustrated notes

Levels and vault maps discovered:
D:1:      minmay_arrival_five_plusses, layout_loops_ring, serial_shops,
          nicolae_diamond_shop, nicolae_shop_overgrown_old_shop,
          nicolae_shop_hallway_plus, hellmonk_ecumenical_altar_heavens_door,
          corexii_leaking_fountain
D:2:      layout_basic
D:3:      layout_basic, mainiacjoe_overflow_alcove_1, uniq_sigmund
D:4:      layout_cave_pods, nicolae_gozag_seed_capital, trog_hazing_becter,
          uniq_blork_the_orc, uniq_pikel
D:5:      layout_basic, vehumet_statue, mainiacjoe_overflow_surrounded_room,
          minmay_temple_entry_butterflies, serial_shops, shop,
          kennysheep_windowed_goal
D:6:      layout_basic
D:7:      layout_loops_ring, lemuel_round_altar, serial_bayou,
          serial_bayou_lagoon_b, serial_bayou_lake_a, serial_bayou_pond_b,
          serial_bayou_lagoon_a, glass_columns_b
D:8:      layout_rooms, lair_entry_dummy, nicolae_wwwww, uniq_maggie,
          uniq_prince_ribbit1
D:9:      hellmonk_warped_wall, layout_basic, dk_noncrumbling_2
D:10:     layout_roguey, kennysheep_mini, mainiacjoe_overflow_chevrons,
          kennysheep_little_box, mainiacjoe_overflow_tiny_flanked,
          nicolae_elyvilon_temple_path, st_stairs_4
D:11:     layout_loops_ring, zombieorc1_lemuel, nicolae_danse_macabre
D:12:     layout_rooms, uniq_jorgrun, uniq_nergalle
D:13:     layout_grid_maze, uniq_snorg
D:14:     layout_stronghold, david_vaults_1, minmay_misc_feat_diagonals,
          enter_trove_5, nicolae_hepliaklqana_hazy_memory, uniq_roxanne
D:15:     hangedman_depths_entry_try_elsewhere_first, layout_long_grid,
          ploomutoo_gammafunk_ghost_potion_laboratory, serial_bayou_shore_b,
          serial_bayou_pond_a
Temple:   kb_corrupted_temple
Lair:1:   layout_loops_ring, gammafunk_ghost_hydra_chop
Lair:2:   layout_regular_city, skrybe_swamp_entry_bodies,
          grunt_forest_stairs_basic, chequers_serial_rivers_marsh, uniq_fannar
Lair:3:   layout_small_grid, minmay_snake_entry_six_corridors,
          grunt_megastairs_3, serial_bayou_shore_a, lemuel_fruit_fields
Lair:4:   layout_roguey
Lair:5:   layout_loops_ring, slime_altar_1, st_stairs_5
Lair:6:   hangedman_lair_tendril_chambers, layout_small_grid,
          guppyfry_lair_end_dragon, ebering_ghost_disaster_area,
          grunt_forest_large_clearing_hut
Swamp:1:  nicolae_swamp_long_stream, layout_falls_marsh,
          evilmike_swamp_ruin_house_3
Swamp:2:  layout_basic_swamp, nicolae_swamp_godswood
Swamp:3:  layout_basic_swamp, hangedman_swamp_ruin_wall
Swamp:4:  swamp, layout_basic_swamp, worms_lemuel
Snake:1:  layout_rooms, nicolae_snake_snakewalk
Snake:2:  layout_honeycomb, uniq_donald, uniq_vashnia, uniq_aizul,
          uniq_saint_roka, uniq_asterion
Snake:3:  layout_cave_town, minmay_shop_grove
Snake:4:  johnstein_snake_rune_scales, layout_misc_corridors, drop_trap
Slime:1:  layout_caves
Slime:2:  layout_caves
Slime:3:  layout_caves
Slime:4:  layout_caves
Slime:5
Orc:1:    layout_diamond_mine, ebering_ghost_xom, uniq_erica, uniq_gastronok
Orc:2:    grunt_orc_cross, layout_caves, nicolae_orc_stony_grotto, mines1_david
Elf:1:    eino_elf_arrival_altar, layout_rooms, basic_altar,
          hangedman_corner_corridor, hex_large, abandoned_shop,
          guppyfry_library_mini, uniq_nikola
Elf:2:    elven_hall_of_blades_hangedman_original
          [nicolae_blade_entry_splitting_headache], layout_loops_cross,
          guppyfry_elf_garden
Elf:3:    minmay_elf_hall_circle, layout_loops_ring
Vaults:1: v_misc_13, grunt_vaults_swirl, nicolae_vaults_rhombus_6,
          vaults_room_grunt_arrival_checkpoint, v_misc_27, v_misc_1,
          ontoclasm_vaults_fault, nicolae_vaults_murderbox, serial_ice_g,
          vaults_room_pools, layout_vaults_quadrants
Vaults:2: gammafunk_ghost_crypt, hangedman_vaults_variations,
          hangedman_vaults_nails, vaults_standard_mumra_lines,
          vaults_standard_mumra_enter_the_diamond,
          nicolae_vaults_little_squares_6, st_cross, v_misc_26, v_pattern_4,
          nicolae_vaults_gold_heap, nicolae_vaults_shelves_hall,
          vaults_room_pool, layout_vaults_big_room, serial_shops,
          nicolae_shop_temple_entry_statues_fountains, uniq_margery
Vaults:3: kennysheep_vaults_gozag_temple, hangedman_vaults_river_flow,
          minmay_crypt_entry_simple_box, ontoclasm_vaults_ring_large,
          v_alt_pattern_6, ontoclasm_vaults_bender, v_misc_13, vaults_dpeg_ring,
          vaults_room_pools, vaults_standard_mumra_x, v_misc_4,
          nicolae_vaults_network_periphery, layout_vaults_maze_snakey
Vaults:4: hangedman_vaults_restitches, v_pattern_1, hangedman_vaults_trim,
          vaults_mumra_chevron_long, v_misc_4, ontoclasm_vaults_ligature,
          hangedman_vaults_slice, v_misc_28, ontoclasm_vaults_shout,
          layout_vaults_ring
Vaults:5
Crypt:1:  lemuel_minitomb, layout_gridlike, beargit_elvish_explorers,
          lemuel_upstairs_altar, uniq_boris
Crypt:2:  layout_gridlike, lemuel_mausoleum_altar_kikubaaqudgha, uniq_jory,
          uniq_khufu
Crypt:3:  evilmike_haunted_forest
Tomb:1
Depths:1: layout_roguey, pf_hell_entry_tar_spiral, minmay_misc_feat_square,
          tso_altar, minmay_shoptagon
Depths:2: nzn_winding_woodlands_huge [nzn_winding_woodlands_5x15_pathside_ponds,
          nzn_winding_woodlands_5x15_twine, nzn_winding_woodlands_5x15_cabin,
          nzn_winding_woodlands_5x15_split_checker,
          nzn_winding_woodlands_5x15_sidewinder,
          nzn_winding_woodlands_5x15_pockets,
          nzn_winding_woodlands_5x15_river_crossing,
          nzn_winding_woodlands_5x15_concentric,
          nzn_winding_woodlands_5x15_sawtooth,
          nzn_winding_woodlands_5x15_zeroes,
          nzn_winding_woodlands_center_pierced_h,
          nzn_winding_woodlands_center_garden,
          nzn_winding_woodlands_15x15_five_gardens], layout_basic,
          rand_demon_pan_entry_4, hell_entry, serial_shops, shop,
          minmay_misc_feat_four_crosses
Depths:3: evilmike_marble_ring, layout_gridlike, chequers_jeans, serial_rivers,
          chequers_serial_rivers_micro_b, chequers_serial_rivers_room_a,
          chequers_serial_rivers_large_a, chequers_serial_rivers_micro_c,
          chequers_serial_rivers_small_a, hell_entry, abyss_entry_glasseish,
          minmay_staircase_windowed_small
Depths:4: grunt_bruiser_brothers, layout_basic, enter_ziggurat_c,
          rand_demon_pan_entry_8, grunt_decor_mini_mirrors, hell_entry

Skill      XL: |  1  2  3  4  5  6  7  8  9 10 11 12 13 14 15 16 17 18 19 20 21 22 23 24 25 |
---------------+----------------------------------------------------------------------------+-----
Ice Magic      | 4 5 6 7 9 10 12 13 15 16 17 18 20 21 23 24 | 24.2
Spellcasting   | 3 4 5 6 8 9 11 13 15 16 17 18 19 20 21 22 23 24 25 27 | 27.0
Conjurations   | 2 3 5 7 8 9 10 11 12 13 15 | 15.0
Dodging        | 2 5 6 7 |  7.2
Stealth        | 2 5 |  5.0
Translocations | 3 4 |  4.0
Fighting       | 2 5 6 8 |  8.0
Earth Magic    | 4 7 9 10 11 12 14 17 19 | 19.7
Necromancy     | 4 |  4.6
Air Magic      | 4 |  4.5

Action                   |  1- 3 |  4- 6 |  7- 9 | 10-12 | 13-15 | 16-18 | 19-21 | 22-24 | 25-27 || total
-------------------------+-------+-------+-------+-------+-------+-------+-------+-------+-------++-------
Melee: Unarmed           |     3 |       |       |       |       |       |       |       |       ||     3
       Dagger            |       |    10 |    73 |    14 |    24 |     1 |       |       |       ||   122
       Whip              |       |       |   106 |     1 |       |       |       |       |       ||   107
       Punch             |       |       |     5 |       |     2 |       |       |       |       ||     7
       Short sword       |       |       |       |       |    14 |       |       |       |       ||    14
       Broad axe         |       |       |       |       |       |       |     1 |       |       ||     1
Throw: Dart              |       |     1 |    11 |     9 |     2 |       |       |       |       ||    23
 Cast: Freeze            |    37 |    75 |    53 |   118 |    19 |     8 |       |       |       ||   310
       Frozen Ramparts   |     1 |    10 |    28 |    43 |       |       |       |       |       ||    82
       Ozocubu's Armour  |       |     6 |    18 |    17 |     4 |       |       |     1 |       ||    46
       Hailstorm         |       |       |    63 |    78 |    83 |    16 |     8 |     1 |       ||   249
       Poisonous Vapours |       |       |       |     4 |       |       |       |       |       ||     4
       Ozocubu's Refrige |       |       |       |    32 |   339 |   459 |   529 |   548 |   196 ||  2103
       Gell's Gravitas   |       |       |       |       |     1 |       |       |       |       ||     1
       Swiftness         |       |       |       |       |     5 |     1 |     2 |       |       ||     8
       Iron Shot         |       |       |       |       |       |    42 |    56 |    78 |       ||   176
       Iskenderun's Batt |       |       |       |       |       |     7 |     1 |       |       ||     8
       Borgnjor's Vile C |       |       |       |       |       |     1 |     3 |    40 |     3 ||    47
       Passage of Golubr |       |       |       |       |       |       |     1 |     2 |       ||     3
       Blink             |       |       |       |       |       |       |       |     3 |       ||     3
       Lehudib's Crystal |       |       |       |       |       |       |       |    55 |   107 ||   162
       Apportation       |       |       |       |       |       |       |       |   106 |    93 ||   199
       Orb of Destructio |       |       |       |       |       |       |       |    34 |    84 ||   118
       Shatter           |       |       |       |       |       |       |       |       |    17 ||    17
Invok: Call Merchant     |       |       |       |       |       |       |     4 |     8 |       ||    12
       Potion Petition   |       |       |       |       |       |       |     1 |       |     2 ||     3
Evoke: Wand              |       |       |     2 |     1 |     4 |     2 |       |     1 |     1 ||    11
  Use: Scroll            |       |     5 |     8 |     7 |    13 |     7 |     3 |     9 |     1 ||    53
       Potion            |       |       |     2 |       |     3 |     2 |       |     8 |     1 ||    16
 Stab: Sleeping          |       |       |     2 |       |     1 |       |       |       |       ||     3
       Distracted        |       |       |     1 |       |       |       |       |       |       ||     1
Armor: Robe              |     3 |     7 |   100 |    34 |    21 |    10 |    10 |    15 |    14 ||   214
Dodge: Dodged            |    17 |    33 |   165 |    48 |    42 |    40 |    49 |    65 |    37 ||   496
Block: Other             |       |       |       |       |     2 |     5 |    14 |    19 |    11 ||    51
       Reflection        |       |       |       |       |     2 |     1 |     6 |     4 |       ||    13
